 Dungeon Crawl Stone Soup version 0.31-a0-885-gbe960a18b5 (webtiles) character file.

Game seed: 11322325246231825396

40 BinkBink the Shield-Bearer (level 3, 0/23 HPs)
             Began as a Gargoyle Fighter on Oct 16, 2023.
             Slain by an endoplasm (3 damage)
             ... on level 2 of the Dungeon.
             The game lasted 00:01:01 (1564 turns).

BinkBink the Shield-Bearer (Gargoyle Fighter)       Turns: 1564, Time: 00:01:01

Health: 0/23       AC: 10    Str: 21    XL:     3   Next: 50%
Magic:  3/3        EV:  9    Int:  8    God:
Gold:   34         SH:  4    Dex:  9    Spells: 2/2 levels left

rFire   . . .        a - +0 war axe
rCold   . . .        c - +0 buckler
rNeg    + . .        b - +0 scale mail
rPois   ∞            (no helmet)
rElec   +            (no cloak)
rCorr   .            (no gloves)
SInv    .            (no boots)
Will    .....        (no amulet) Stlth
                     (no ring)
HPRegen 0.23/turn    (no ring)
MPRegen 0.08/turn

%: no passive effects
@: no status effects
A: sickness immunity, AC +3, negative energy resistance 1, electricity
resistance, torment resistance 1, petrification resistance
a: no special abilities


You were on level 2 of the Dungeon.
You visited 1 branch of the dungeon, and saw 2 of its levels.

You collected 34 gold pieces.

Inventory:

Hand Weapons
 a - a +0 war axe (weapon)
Armour
 b - a +0 scale mail (worn)
 c - a +0 buckler (worn)
Jewellery
 f - a +6 ring of intelligence
Scrolls
 e - a scroll of identify {unknown}
 i - a scroll of fog {unknown}
Potions
 d - a potion of might
 g - a potion of brilliance {unknown}
 h - a potion of resistance {unknown}
 j - a potion of lignification {unknown}
 k - a potion of magic {unknown}


   Skills:
 + Level 3.6 Fighting
 * Level 2.4 Axes
 + Level 3.5 Armour
 + Level 0.7 Dodging
 + Level 3.6 Shields


You had 2 spell levels left.
You didn't know any spells.
Your spell library was empty.

Dungeon Overview and Level Annotations

Branches:
Dungeon (2/15)

Altars:


Innate Abilities, Weirdness & Mutations

You are immune to sickness and miasma.
Your stone body is resilient. (AC +3)
You are immune to poison.
You resist negative energy. (rN+)
You are resistant to electric shocks. (rElec)
You are resistant to unholy torment.
You are immune to petrification.


Message History

You hit the goblin.
You kill the goblin!
You barely miss the endoplasm.
The endoplasm hits you but does no damage.
The goblin closely misses you. The endoplasm freezes you.
You are frozen.
You hit the endoplasm but do no damage. You closely miss the goblin.
The endoplasm freezes you.
You are frozen.
A gnoll comes into view. It is wielding a +0 halberd.
The goblin barely misses you.
The gnoll hits you from afar with a +0 spear.
You barely miss the endoplasm. You closely miss the goblin.
The gnoll shouts!
The endoplasm freezes you.
You are frozen.
The goblin closely misses you. The gnoll closely misses you.
An adder comes into view.
You are too injured to fight recklessly!
The endoplasm attacks as it pursues you!
The endoplasm barely misses you.
The adder hisses angrily.
You hit the endoplasm but do no damage.
You hear an angry hiss.
The gnoll hits you but does no damage. The endoplasm freezes you.
You are frozen.
The gnoll hits you from afar with a +0 spear.
* * * LOW HITPOINT WARNING * * *
A frilled lizard comes into view.
The endoplasm closely misses you. The goblin attacks as it pursues you!
The goblin hits you with a +0 dagger.
* * * LOW HITPOINT WARNING * * *
You slash the goblin!
You kill the goblin!
The endoplasm attacks as it pursues you!
The endoplasm closely misses you.
The endoplasm attacks as it pursues you!
The endoplasm hits you.
You die...

.# #.# #.#
#.### #...#
###.#####.#
#.......#
##.#######
#...# ##@.#
#J.# #..#
#gg#
#..#####).#
..?.......#
#.....)g#.#
........#.#
##..S.....#


You could see 3 gnolls and an endoplasm.

Vanquished Creatures
  An adder (D:2)
  A dart slug (D:1)
  2 bats
  2 endoplasms
  6 goblins
  2 hobgoblins (D:1)
  2 jackals (D:1)
  A quokka (D:1)
  3 ball pythons
  4 frilled lizards
  4 kobolds
  A rat (D:1)
29 creatures vanquished.

Notes
Turn   | Place    | Note
-------+----------+-------------------------------------------
     0 | D:1      | BinkBink the Gargoyle Fighter began the quest for the Orb.
     0 | D:1      | Reached XP level 1. HP: 14/14 MP: 1/1
    87 | D:1      | Reached XP level 2. HP: 17/19 MP: 2/2
  1280 | D:2      | Reached XP level 3. HP: 23/23 MP: 3/3
  1564 | D:2      | Slain by an endoplasm

Illustrated notes

Levels and vault maps discovered:
D:1:      arrival_zaba_pyramid, layout_basic
D:2:      layout_loops_ring, grunt_decor_one_mirror, nicolae_shop_vocational

Skill      XL: |  1 |
---------------+----+-----
Axes           | 2 |  2.4
Fighting       | |  3.6
Armour         | |  3.5
Dodging        | |  0.7
Shields        | |  3.6

Action                     || total
---------------------------++-------
  Melee: War axe           ||    98
 Armour: Scale mail        ||    87
  Dodge: Dodged            ||    67
  Block: Buckler           ||    26

Table legend: (Time is in decaauts)
 A = Elapsed time spent in this place.
 B = Non-inter-level travel time spent in this place.
 C = Inter-level travel time spent in this place.
 D = Time resting spent in this place.
 E = Time spent auto-exploring this place.
 F = Levels seen in this place.
 G = Mean time per level.
                   A        B        C        D        E       F      G
               +--------+--------+--------+--------+--------+-----+--------+
         Total |   1606 |   1585 |     21 |      0 |   1367 |   2 |  803.0 |
       Dungeon |   1606 |   1585 |     21 |      0 |   1367 |   2 |  803.0 |
               +--------+--------+--------+--------+--------+-----+--------+

Top non-repeatable levels by time:
     D:1: 1300 daAuts
     D:2: 305 daAuts
